TOP OF THE 1ST |
Topeka Tornados batting - Pitching for Portland Privateers : RHP Mario Ramos
|
Pitching: RHP Mario Ramos
|
|
Batting: RHB José Pinto
|
0-0: Called Strike 0-1: Ball 1-1: Called Strike 1-2: SINGLE (Groundball, 56D)
|
Batting: LHB Morgan Wright
|
0-0: Foul Ball, location: 2F 0-1: Ball 1-1: Ball 2-1: DOUBLE (Line Drive, 89D) José Pinto to third
|
Batting: RHB Alberto Campos
|
0-0: Foul Ball, location: 2F 0-1: Swinging Strike 0-2: Strikes out swinging
|
Pitching: LHP Alfredo González
|
|
Batting: LHB Ryan Drake
|
0-0: Ball 1-0: Ball 2-0: 3-RUN HOME RUN (Line Drive, 9LD), Distance : 350 ft
|
Batting: LHB Yoshiaki Ohayashi
|
0-0: Ground out 4-3 (Groundball, 4)
|
Batting: RHB Bob Hall
|
0-0: Foul Ball, location: 2F 0-1: Foul Ball, location: 2F 0-2: Ball 1-2: Foul Ball, location: 2F 1-2: Ball 2-2: Foul Ball, location: 2F 2-2: Ball 3-2: Strikes out looking
|
Top of the 1st over - 3 run(s), 3 hit(s), 0 error(s), 0 left on base; Topeka 3 - Portland 0 |
BOTTOM OF THE 1ST |
Portland Privateers batting - Pitching for Topeka Tornados : LHP Seiichi Yamamoto
|
Pitching: LHP Seiichi Yamamoto
|
|
Batting: RHB Luis Pineda
|
0-0: Ball 1-0: Foul Ball, location: 2F 1-1: Swinging Strike 1-2: Foul Ball, location: 2F 1-2: Ball 2-2: Ball 3-2: Foul Ball, location: 2F 3-2: Strikes out swinging
|
Batting: RHB Juan Sánchez
|
0-0: Ball 1-0: Swinging Strike 1-1: SINGLE (Line Drive, 9LS)
|
Batting: LHB Juan Acotia
|
0-0: Foul Ball, location: 2F 0-1: Foul Ball, location: 2F 0-2: Strikes out swinging
|
Batting: SHB Patrick Larson
|
0-0: Called Strike 0-1: Ball 1-1: SINGLE (Line Drive, 9LS) Juan Sánchez to second
|
Batting: RHB Troy Lau
|
0-0: Called Strike 0-1: Called Strike 0-2: Ball 1-2: Strikes out swinging
|
Bottom of the 1st over - 0 run(s), 2 hit(s), 0 error(s), 2 left on base; Topeka 3 - Portland 0 |
TOP OF THE 2ND |
Topeka Tornados batting - Pitching for Portland Privateers : LHP Alfredo González
|
Batting: RHB Don Thomas
|
0-0: Called Strike 0-1: Ball 1-1: Ground out 6-3 (Groundball, 6)
|
Batting: RHB Gabriel Santana
|
0-0: Foul Ball, location: 2F 0-1: Foul Ball, location: 2F 0-2: DOUBLE (Line Drive, 89M)
|
Pinch Runner at 2nd Raúl Guerra:
|
|
Batting: SHB Martín Medina
|
0-0: Called Strike 0-1: Ball 1-1: Ball 2-1: Swinging Strike 2-2: Foul Ball, location: 2F 2-2: Foul Ball, location: 2F 2-2: Strikes out swinging
|
Batting: RHB José Pinto
|
0-0: Ball 1-0: Fly out, F3 (Popup, 23)
|
Top of the 2nd over - 0 run(s), 1 hit(s), 0 error(s), 1 left on base; Topeka 3 - Portland 0 |
BOTTOM OF THE 2ND |
Portland Privateers batting - Pitching for Topeka Tornados : LHP Seiichi Yamamoto
|
Now in LF: Raúl Guerra
|
|
Batting: LHB Pedro Padilla
|
0-0: Fly out, F8 (Flyball, 8LXD)
|
Batting: RHB Jorge Cora
|
0-0: DOUBLE (Flyball, 89D)
|
Batting: RHB Hidetada Kichida
|
0-0: Called Strike Jorge Cora steals 3rd base 0-1: Foul Ball, location: 2F 0-2: Ball 1-2: Ball 2-2: Foul Ball, location: 2F 2-2: Fly out, F7 (Flyball, 7D) Runner from 3rd tags up, SCORES, no throw
|
Batting: RHB Luther Stoffels
|
0-0: Called Strike 0-1: Ground out 5-3 (Groundball, 5L)
|
Bottom of the 2nd over - 1 run(s), 1 hit(s), 0 error(s), 0 left on base; Topeka 3 - Portland 1 |
TOP OF THE 3RD |
Topeka Tornados batting - Pitching for Portland Privateers : LHP Alfredo González
|
Batting: LHB Morgan Wright
|
0-0: Ball 1-0: Ball 2-0: Ball 3-0: Called Strike 3-1: Foul Ball, location: 2F 3-2: SINGLE (Groundball, 4MD)
|
Batting: RHB Alberto Campos
|
0-0: Swinging Strike 0-1: Ball 1-1: Foul Ball, location: 2F 1-2: Ball 2-2: Foul Ball, location: 2F 2-2: Ball 3-2: Grounds into double play, 1-6-3 (Groundball, 13)
|
Batting: LHB Ryan Drake
|
0-0: Foul Ball, location: 2F 0-1: Called Strike 0-2: Ball 1-2: Strikes out swinging
|
Top of the 3rd over - 0 run(s), 1 hit(s), 0 error(s), 0 left on base; Topeka 3 - Portland 1 |
BOTTOM OF THE 3RD |
Portland Privateers batting - Pitching for Topeka Tornados : LHP Seiichi Yamamoto
|
Batting: RHB Luis Pineda
|
0-0: Ground out 5-3 (Groundball, 56)
|
Batting: RHB Juan Sánchez
|
0-0: Called Strike 0-1: Ball 1-1: Foul Ball, location: 2F 1-2: Foul Ball, location: 2F 1-2: Ground out 6-3 (Groundball, 6)
|
Batting: LHB Juan Acotia
|
0-0: Ball 1-0: Fly out, F9 (Flyball, 89S)
|
Bottom of the 3rd over - 0 run(s), 0 hit(s), 0 error(s), 0 left on base; Topeka 3 - Portland 1 |
TOP OF THE 4TH |
Topeka Tornados batting - Pitching for Portland Privateers : LHP Alfredo González
|
Batting: LHB Yoshiaki Ohayashi
|
0-0: Called Strike 0-1: Ball 1-1: Ball 2-1: SINGLE (Groundball, 6MD)
|
Batting: RHB Bob Hall
|
0-0: Ball 1-0: Called Strike 1-1: Ball 2-1: Fly out, F7 (Flyball, 78XD)
|
Batting: RHB Don Thomas
|
0-0: Called Strike Yoshiaki Ohayashi is caught stealing 2nd base 0-1: Swinging Strike 0-2: Ground out 5-3 (Groundball, 5)
|
Top of the 4th over - 0 run(s), 1 hit(s), 0 error(s), 0 left on base; Topeka 3 - Portland 1 |
BOTTOM OF THE 4TH |
Portland Privateers batting - Pitching for Topeka Tornados : LHP Seiichi Yamamoto
|
Batting: SHB Patrick Larson
|
0-0: Fly out, F8 (Flyball, 8RXD)
|
Batting: RHB Troy Lau
|
0-0: Ball 1-0: Ball 2-0: SOLO HOME RUN (Flyball, 7D), Distance : 456 ft
|
Batting: LHB Pedro Padilla
|
0-0: Called Strike 0-1: Foul Ball, location: 2F 0-2: Ball 1-2: Foul Ball, location: 2F 1-2: Strikes out swinging
|
Batting: RHB Jorge Cora
|
0-0: Ground out 5-3 (Groundball, 5L)
|
Bottom of the 4th over - 1 run(s), 1 hit(s), 0 error(s), 0 left on base; Topeka 3 - Portland 2 |
TOP OF THE 5TH |
Topeka Tornados batting - Pitching for Portland Privateers : LHP Alfredo González
|
Batting: LHB Raúl Guerra
|
0-0: Fly out, F8 (Flyball, 89D)
|
Batting: SHB Martín Medina
|
0-0: Ball 1-0: Ball 2-0: Called Strike 2-1: Swinging Strike 2-2: Ball 3-2: Base on Balls
|
Batting: RHB José Pinto
|
0-0: Ball Martín Medina is caught stealing 2nd base 1-0: Foul Ball, location: 2F 1-1: SINGLE (Line Drive, 4MD)
|
Batting: LHB Morgan Wright
|
0-0: Ball 1-0: Called Strike 1-1: Swinging Strike 1-2: Strikes out looking
|
Top of the 5th over - 0 run(s), 1 hit(s), 0 error(s), 1 left on base; Topeka 3 - Portland 2 |
BOTTOM OF THE 5TH |
Portland Privateers batting - Pitching for Topeka Tornados : LHP Seiichi Yamamoto
|
Batting: RHB Hidetada Kichida
|
0-0: Swinging Strike 0-1: Ball 1-1: Ball 2-1: Ball 3-1: Ground out 5-3 (Groundball, 56)
|
Batting: RHB Luther Stoffels
|
0-0: Ball 1-0: Fly out, F8 (Flyball, 8RXD)
|
Batting: RHB Luis Pineda
|
0-0: Ball 1-0: Foul Ball, location: 2F 1-1: Ball 2-1: Foul Ball, location: 2F 2-2: Ground out 4-3 (Groundball, 4M)
|
Bottom of the 5th over - 0 run(s), 0 hit(s), 0 error(s), 0 left on base; Topeka 3 - Portland 2 |
TOP OF THE 6TH |
Topeka Tornados batting - Pitching for Portland Privateers : LHP Alfredo González
|
Batting: RHB Alberto Campos
|
0-0: Fly out, F7 (Flyball, 8LS)
|
Batting: LHB Ryan Drake
|
0-0: Ball 1-0: SOLO HOME RUN (Flyball, 9LD), Distance : 334 ft
|
Batting: LHB Yoshiaki Ohayashi
|
0-0: Called Strike 0-1: Called Strike 0-2: Ball 1-2: Foul Ball, location: 2F 1-2: Strikes out looking
|
Batting: RHB Bob Hall
|
0-0: DOUBLE (Flyball, 8LS)
|
Batting: RHB Don Thomas
|
0-0: Ball 1-0: Foul Ball, location: 2F 1-1: SINGLE (Groundball, 56D) Bob Hall to third Runner from 3rd tries for Home, SAFE, no throw or cutoff
|
Pitching: RHP Tom Clement
|
|
Batting: LHB Raúl Guerra
|
0-0: Ground out 4-3 (Groundball, 34)
|
Top of the 6th over - 2 run(s), 3 hit(s), 0 error(s), 1 left on base; Topeka 5 - Portland 2 |
BOTTOM OF THE 6TH |
Portland Privateers batting - Pitching for Topeka Tornados : LHP Seiichi Yamamoto
|
Batting: RHB Juan Sánchez
|
0-0: Called Strike 0-1: Ball 1-1: Foul Ball, location: 2F 1-2: Ground out 6-3 (Groundball, 6)
|
|
|
Batting: LHB Juan Acotia
|
0-0: Ball 1-0: Ball 2-0: Foul Ball, location: 2F 2-1: Swinging Strike 2-2: Strikes out swinging
|
Batting: SHB Patrick Larson
|
0-0: Ball 1-0: Ball 2-0: SINGLE (Groundball, 25) (infield hit)
|
Batting: RHB Troy Lau
|
0-0: Ball 1-0: Ball 2-0: Called Strike 2-1: Called Strike Patrick Larson is caught stealing 2nd base
|
Bottom of the 6th over - 0 run(s), 1 hit(s), 0 error(s), 0 left on base; Topeka 5 - Portland 2 |
TOP OF THE 7TH |
Topeka Tornados batting - Pitching for Portland Privateers : RHP Tom Clement
|
Batting: SHB Martín Medina
|
0-0: Called Strike 0-1: Foul Ball, location: 2F 0-2: Foul Ball, location: 2F 0-2: Foul Ball, location: 2F 0-2: Ball 1-2: Foul Ball, location: 2F 1-2: Foul Ball, location: 2F 1-2: Ball 2-2: Foul Ball, location: 2F 2-2: Foul Ball, location: 2F 2-2: Ball 3-2: Foul Ball, location: 2F 3-2: Base on Balls
|
Batting: RHB José Pinto
|
0-0: Ball 1-0: Ball 2-0: Bunted foul 2-1: Sac Bunt - play at first, batter OUT! 1-4 Martín Medina to second
|
Batting: LHB Morgan Wright
|
0-0: Called Strike 0-1: Called Strike 0-2: Strikes out looking
|
Batting: RHB Alberto Campos
|
0-0: SINGLE (Line Drive, 34D) Martín Medina to third Runner from 3rd tries for Home, SAFE, no throw or cutoff
|
Batting: LHB Ryan Drake
|
0-0: Called Strike 0-1: Ball 1-1: Foul Ball, location: 2F 1-2: Ball 2-2: Ball 3-2: Base on Balls Alberto Campos to second
|
Pitching: RHP Rafael Ruíz
|
|
Batting: LHB Yoshiaki Ohayashi
|
0-0: Ball 1-0: Ball 2-0: Swinging Strike 2-1: Called Strike 2-2: Strikes out looking
|
Top of the 7th over - 1 run(s), 1 hit(s), 0 error(s), 2 left on base; Topeka 6 - Portland 2 |
BOTTOM OF THE 7TH |
Portland Privateers batting - Pitching for Topeka Tornados : LHP Seiichi Yamamoto
|
Batting: RHB Troy Lau
|
0-0: Called Strike 0-1: Ball 1-1: Swinging Strike 1-2: Ground out 6-3 (Groundball, 6)
|
Batting: LHB Pedro Padilla
|
0-0: Ball 1-0: Called Strike 1-1: Ground out 6-3 (Groundball, 6)
|
Batting: RHB Jorge Cora
|
0-0: Ball 1-0: Ground out 4-3 (Groundball, 4)
|
Bottom of the 7th over - 0 run(s), 0 hit(s), 0 error(s), 0 left on base; Topeka 6 - Portland 2 |
TOP OF THE 8TH |
Topeka Tornados batting - Pitching for Portland Privateers : RHP Rafael Ruíz
|
Batting: RHB Bob Hall
|
0-0: Fly out, F9 (Flyball, 89M)
|
Batting: RHB Don Thomas
|
0-0: Ball 1-0: Fly out, F1 (Popup, 15S)
|
Batting: LHB Raúl Guerra
|
0-0: Ball 1-0: Ball 2-0: Swinging Strike 2-1: Foul Ball, location: 2F 2-2: Fly out, F8 (Flyball, 8RD)
|
Top of the 8th over - 0 run(s), 0 hit(s), 0 error(s), 0 left on base; Topeka 6 - Portland 2 |
BOTTOM OF THE 8TH |
Portland Privateers batting - Pitching for Topeka Tornados : LHP Seiichi Yamamoto
|
Batting: RHB Hidetada Kichida
|
0-0: Foul Ball, location: 2F 0-1: Ground out 6-3 (Groundball, 6)
|
Batting: RHB Luther Stoffels
|
0-0: Ball 1-0: Fly out, F9 (Flyball, 9M)
|
Batting: RHB Luis Pineda
|
0-0: Ball 1-0: Swinging Strike 1-1: Ball 2-1: Foul Ball, location: 2F 2-2: Ball 3-2: SINGLE (Groundball, 6MD)
|
Batting: RHB Juan Sánchez
|
0-0: Called Strike 0-1: Swinging Strike 0-2: Strikes out swinging
|
Bottom of the 8th over - 0 run(s), 1 hit(s), 0 error(s), 1 left on base; Topeka 6 - Portland 2 |
TOP OF THE 9TH |
Topeka Tornados batting - Pitching for Portland Privateers : RHP Alfonso Medina
|
Pitching: RHP Alfonso Medina
|
|
Batting: SHB Martín Medina
|
0-0: Called Strike 0-1: SOLO HOME RUN (Flyball, 78XD), Distance : 406 ft
|
Batting: RHB José Pinto
|
0-0: Called Strike 0-1: Called Strike 0-2: Ball 1-2: Fly out, F8 (Flyball, 8RM)
|
Batting: LHB Morgan Wright
|
0-0: Swinging Strike 0-1: SINGLE (Line Drive, 7LM)
|
Batting: RHB Alberto Campos
|
0-0: Ball 1-0: Foul Ball, location: 2F 1-1: Ball 2-1: Foul Ball, location: 2F 2-2: Strikes out swinging
|
Batting: LHB Ryan Drake
|
0-0: Ball 1-0: Foul Ball, location: 2F 1-1: Ball 2-1: Called Strike 2-2: Foul Ball, location: 2F 2-2: Ball 3-2: Ground out U3 (Groundball, 3S)
|
Top of the 9th over - 1 run(s), 2 hit(s), 0 error(s), 1 left on base; Topeka 7 - Portland 2 |
BOTTOM OF THE 9TH |
Portland Privateers batting - Pitching for Topeka Tornados : LHP Seiichi Yamamoto
|
Now at 1B: Ramón Pérez
|
|
Now at 3B: Armando Méndez
|
|
Batting: LHB Juan Acotia
|
0-0: Called Strike 0-1: Ball 1-1: Swinging Strike 1-2: Strikes out swinging
|
Pitching: LHP Enrique Muñóz
|
|
Batting: SHB Patrick Larson
|
0-0: Ball 1-0: Ground out 1-3 (Groundball, 13S)
|
Batting: RHB Troy Lau
|
0-0: Swinging Strike 0-1: Foul Ball, location: 2F 0-2: Ball 1-2: Ground out 5-3 (Groundball, 5)
|
Bottom of the 9th over - 0 run(s), 0 hit(s), 0 error(s), 0 left on base; Topeka 7 - Portland 2 |
|
Monday, December 5th, 2016 - OOTP Baseball 17.12 Build 75
|
|